 Dungeon Crawl Stone Soup version 0.24.1-14-gf8d2b509d9 (webtiles) character file.

Game seed: 14036102406759925367, levelgen mode: deterministic

389 pedritolo the Skirmisher (level 6, -2/49 HPs)
             Began as a Mummy Chaos Knight on June 1, 2020.
             Was an Initiate of Gozag.
             Slain by Eustachio the troll (shapeshifter) (11 damage)
             ... on level 4 of the Dungeon.
             The game lasted 00:05:44 (4176 turns).

pedritolo the Skirmisher (Mummy Chaos Knight)       Turns: 4176, Time: 00:05:45

Health: -2/49      AC:  6    Str: 17      XL:     6   Next: 49%
Magic:  6/6        EV: 12    Int: 11      God:    Gozag
Gold:   473        SH:  0    Dex: 11 (12) Spells: 5/5 levels left

rFire    x . .     SeeInvis .   i - +3 mace (protect)
rCold    + . .     Gourm    .   (no shield)
rNeg     + + +     Faith    .   b - +2 leather armour
rPois    ∞         Spirit   .   g - +0 helmet
rElec    .         Reflect  .   (no cloak)
rCorr    .         Harm     .   (no gloves)
MR       .....                  (no boots)
Stlth    +.........             (no amulet)
HPRegen  0.16/turn              (no ring)
MPRegen  0.10/turn              (no ring)

@: no status effects
A: no food or potions, fire vulnerability, cold resistance 1, negative energy
resistance 3, torment resistance, unbreathing
a: Potion Petition, Call Merchant, Bribe Branch, Renounce Religion


You were on level 4 of the Dungeon.
You worshipped Gozag.
Gozag was aware of your devotion.
You were not hungry.

You visited 1 branch of the dungeon, and saw 4 of its levels.

You collected 491 gold pieces.
You paid 18 gold pieces to Gozag.

Inventory:

Hand Weapons
 a - a +0 hand axe of chaos
 i - a +3 mace of protection (weapon)
 l - a +0 dagger of draining
Missiles
 f - 10 poisoned darts (quivered)
Armour
 b - a +2 leather armour (worn)
 g - a +0 helmet (worn)
Wands
 k - a wand of iceblast (13)
Scrolls
 c - 4 scrolls of identify
 e - 4 scrolls of remove curse
 h - 3 scrolls of magic mapping


   Skills:
 + Level 4.4 Fighting
 + Level 3.6 Axes
 + Level 3.1 Armour
 + Level 2.7 Dodging


You had 5 spell levels left.
You didn't know any spells.
Your spell library was empty.

Dungeon Overview and Level Annotations

Branches:
Dungeon (4/15)
 Temple: D:4-7

Altars:
Gozag
Ru
Wu Jian

Annotations:
D:4 Eustachio


Innate Abilities, Weirdness & Mutations

You do not eat or drink.
Your flesh is vulnerable to fire.
You are immune to poison.
Your flesh is cold resistant. (rC+)
You are immune to negative energy. (rN+++)
You are immune to unholy pain and torment.
You can survive without breathing.


Message History

Eustachio asks, "How can you live without manners, virtues and honour?"
You see here a ration.
Xom titters.
You are confused.
You bump into the rock wall.
Eustachio the yaktaur changes into a troll!
You're too confused to move!
Eustachio utters an oath, "I will die for my friends!"
Eustachio closely misses you. Eustachio completely misses you.
Eustachio closely misses you.
You bump into the rock wall.
Eustachio bites you.
* * * LOW HITPOINT WARNING * * *
Eustachio claws you!
* * * LOW HITPOINT WARNING * * *
Eustachio barely misses you.
You bump into the rock wall.
You feel less confused. Eustachio closely misses you. Eustachio claws you!
You die...
Your body crumbles into a pile of gold.

...........#
.##..#############
.##.>............#######
.#######................ .#.
.#.#######.###### .#.##
.#.#...[.<.# ... $
.#..##.#.#.#####.# #.#
.#.....#.# # #.# #.#
.......#.#.# #@# #.#
###....#.#.# #T# #.# ..
r......+...# #.# #.# #.#
###....#.#######)###.######.##
..#....#.......%.........(...#
..#5############=....#..###..#
..#.# #.................#..#
..#@# ##.####....#.#..#.#..##
..#.# #.##........#........#


You could see Eustachio the troll shaped shifter.

Vanquished Creatures
  An ice beast (D:3)
  A hound (D:3)
  An iguana (D:3)
  3 orc wizards
  4 gnolls
  4 adders (D:3)
  An adder zombie (D:3)
  4 worms
  A dart slug (D:1)
  2 leopard geckos
  9 orcs
  3 giant cockroaches
  5 goblins
  3 hobgoblins
  6 kobolds
  2 quokkas (D:2)
  8 bats
  7 frilled lizards
  6 rats
71 creatures vanquished.

Notes
Turn   | Place    | Note
-------+----------+-------------------------------------------
     0 | D:1      | pedritolo the Mummy Chaos Knight began the quest for the
                  | Orb.
     0 | D:1      | Reached XP level 1. HP: 18/18 MP: 1/1
   204 | D:1      | XOM: harmless Chrm miscast
   278 | D:1      | Reached skill level 1 in Dodging
   309 | D:1      | Reached XP level 2. HP: 16/24 MP: 2/2
   746 | D:1      | XOM: mild Fire miscast
   829 | D:1      | XOM: scenery: 1 doors close
   857 | D:1      | XOM: noise
  1003 | D:2      | Found an opulent altar of Gozag.
  1052 | D:2      | Fell from the grace of Xom
  1052 | D:2      | Became a worshipper of Gozag Ym Sagoz the Greedy
  1284 | D:1      | XOM: medium Pois miscast
  1325 | D:2      | Reached XP level 3. HP: 29/29 MP: 3/3
  1588 | D:1      | XOM: mild Chrm miscast
  1694 | D:2      | Reached XP level 4. HP: 27/35 MP: 4/4
  1941 | D:3      | XOM: enchant monster (bad)
  2108 | D:3      | Reached XP level 5. HP: 38/42 MP: 5/5
  2204 | D:3      | Noticed an ice beast
  2204 | D:3      | a worm changed into an ice beast
  2204 | D:3      | XOM: polymorph worm -> ice beast
  2214 | D:3      | XOM: confusion (+ monsters)
  2236 | D:3      | Killed an ice beast
  2236 | D:3      | Reached skill level 4 in Fighting
  2387 | D:3      | Found an ornate altar of the Wu Jian Council.
  2535 | D:3      | XOM: mild Necr miscast
  2551 | D:3      | Reached XP level 6. HP: 42/48 MP: 6/6
  2663 | D:3      | Found a sacrificial altar of Ru.
  2732 | D:3      | XOM: medium Tloc miscast
  2783 | D:3      | XOM: medium Conj miscast
  2884 | D:3      | XOM: summons 2 hostile shadow creatures
  3220 | D:3      | XOM: mild Hex miscast
  3498 | D:4      | XOM: summons 5 hostile demons
  3499 | D:4      | Noticed a rust devil
  3724 | D:4      | Noticed Eustachio
  4072 | D:4      | Noticed Eustachio
  4072 | D:4      | Eustachio changed into Eustachio the shapeshifter
  4072 | D:4      | XOM: polymorph Eustachio -> Eustachio the shapeshifter
  4073 | D:4      | Noticed Eustachio
  4073 | D:4      | Eustachio the shapeshifter changed into Eustachio the
                  | yaktaur
  4170 | D:4      | XOM: confusion
  4171 | D:4      | Noticed Eustachio
  4171 | D:4      | Eustachio the yaktaur changed into Eustachio the troll
  4176 | D:4      | Slain by Eustachio the troll (shapeshifter)

Levels and vault maps discovered:
D:1:      wander_arrival_estate, layout_basic, minmay_distorted
D:2:      layout_basic, grunt_gozag_statues
D:3:      layout_basic, nicolae_overflow_crystal_walls, nicolae_ru_path_of_blood
D:4:      layout_basic, gammafunk_ghost_icy, uniq_eustachio,
          uniq_crazy_yiuf_cottage

Skill      XL: |  1  2  3  4  5  6 |
---------------+-------------------+-----
Dodging        | 1 2 |  2.7
Armour         | 2 3 |  3.1
Axes           | 3 |  3.6
Fighting       | 4 |  4.4

Action                   |  1- 3 |  4- 6 || total
-------------------------+-------+-------++-------
Melee: Hand axe          |    50 |    36 ||    86
       Mace              |    28 |   171 ||   199
  Use: Scroll            |     5 |     2 ||     7
 Stab: Confused          |       |     3 ||     3
       Paralysed         |       |     2 ||     2
Armor: Leather armour    |    32 |   147 ||   179
Dodge: Dodged            |    45 |   242 ||   287
